 Dungeon Crawl Stone Soup version 0.18.1-50-g88ac8fd (webtiles) character file.

346 grisgris the Shield-Bearer (level 6, -4/38 HPs)
             Began as a Gargoyle Fighter on Oct 22, 2016.
             Slain by an ogre
             ... wielding a +0 giant club
              (19 damage)
             ... on level 4 of the Dungeon.
             The game lasted 00:12:05 (4255 turns).

grisgris the Shield-Bearer (Gargoyle Fighter)       Turns: 4255, Time: 00:12:06

Health: -4/38      AC: 12    Str: 22    XL:     6   Next: 59%
Magic:  6/6        EV:  8    Int:  8    God:
Gold:   148        SH: 11    Dex:  9    Spells: 0 memorised, 5 levels left

rFire  . . .     SeeInvis .     a - +1 flail
rCold  . . .     Gourm    .     b - +0 scale mail
rNeg   + + .     Faith    .     c - +1 shield
rPois  ∞         Spirit   .     (no helmet)
rElec  +         Dismiss  .     d - +0 cloak
rCorr  .         Reflect  .     (no gloves)
SustAt .         Harm     .     (no boots)
MR     .....                    (no amulet)
Stlth  ..........               (no ring)
                                l - ring of positive energy

@: not resistant to hostile enchantments, extremely unstealthy
A: negative energy resistance 1, electricity resistance, unbreathing,
petrification resistance, rot immunity, AC +4
a: no special abilities


You were on level 4 of the Dungeon.
You were not hungry.

You visited 2 branches of the dungeon, and saw 5 of its levels.
You also visited: Sewer.

You collected 148 gold pieces.

Inventory:

Hand Weapons
 a - a +1 flail (weapon)
Armour
 b - a +0 scale mail (worn)
 c - a +1 shield (worn)
 d - a +0 cloak (worn)
Jewellery
 l - a ring of positive energy (left hand)
Scrolls
 g - a scroll of identify
 m - a scroll of fog
Potions
 e - a potion of haste {unknown}
 i - a potion of flight
Comestibles
 f - 2 bread rations
 n - 5 fruits
 o - a royal jelly
 p - a meat ration


   Skills:
 + Level 4.2 Fighting
 + Level 2.9 Maces & Flails
 + Level 4.4 Armour
 + Level 2.3 Dodging
 + Level 5.2 Shields


You had 5 spell levels left.
You didn't know any spells.

Dungeon Overview and Level Annotations

Branches:
Dungeon (4/15)             Temple (1/1) D:4

Altars:
Ashenzari
Dithmenos
Elyvilon
Gozag
Kikubaaqudgha
Makhleb
Nemelex Xobeh
Pakellas
Sif Muna
Trog
Vehumet
Yredelemnul
Zin
The Shining One


Innate Abilities, Weirdness & Mutations

You are resistant to torment.
Your stone body is resilient (AC +4).
You are immune to poison.
You resist negative energy.
You are resistant to electric shocks.
You can survive without breathing.
You are immune to petrification.
You are immune to rotting.


Message History

You hit the ogre.
The ogre is lightly wounded.
You block the ogre's attack.
You thump the ogre!
The ogre is heavily wounded.
You block the ogre's attack.
You hit the ogre.
The ogre is severely wounded.
The ogre hits you but does no damage.
Your shield and scale mail prevent you from hitting the ogre.
The ogre is severely wounded.
The ogre barely misses you.
You hit the ogre.
The ogre is severely wounded.
The ogre hits you with a giant club!
You hit the ogre but do no damage.
The ogre is severely wounded.
The ogre hits you with a giant club!!
Ouch! That really hurt!
You die...

.......#...............
...#####.....##......#
...#..##<....##......#
...'..#..............#
...#..#..............#
...#..#..............#
...#..#..............#
...#..#..............#
...#..#......##.@##..#
...#..#......##)O##..#
...#..#......#.......#
...'..#......#.......#
...#..#......#.......#
...#..#......#.......#
...#..#......##.)##..#
...#..#......##..# ..#
...#..#...>....... ..#


You could see an ogre.

Vanquished Creatures
  An ogre (D:4)
  An orc wizard (D:4)
  6 gnolls
  9 adders
  6 giant geckos
  4 orcs
  2 ball pythons (Sewer)
  4 giant cockroaches (D:2)
  7 goblins
  8 hobgoblins
  6 jackals (D:2)
  9 kobolds
  8 bats
  6 giant newts
  10 rats
87 creatures vanquished.

Notes
Turn   | Place    | Note
--------------------------------------------------------------
     0 | D:1      | grisgris the Gargoyle Fighter began the quest for the Orb.
     0 | D:1      | Reached XP level 1. HP: 14/14 MP: 1/1
   101 | D:1      | Reached XP level 2. HP: 16/19 MP: 2/2
   802 | D:2      | Found an opulent altar of Gozag.
   900 | D:2      | Reached XP level 3. HP: 19/24 MP: 3/3
  1353 | D:2      | Reached XP level 4. HP: 24/29 MP: 4/4
  1388 | D:2      | Reached skill level 1 in Dodging
  1684 | D:2      | Reached skill level 4 in Shields
  2318 | D:3      | Found a glowing drain.
  2322 | Sewer    | Entered a sewer
  2745 | Sewer    | Noticed Purgy
  3152 | D:3      | Found a sparkling altar of Nemelex Xobeh.
  3440 | D:3      | Reached XP level 5. HP: 33/33 MP: 5/5
  3817 | D:4      | Found a staircase to the Ecumenical Temple.
  3826 | Temple   | Entered the Ecumenical Temple
  3950 | D:4      | Noticed an ogre
  3956 | D:4      | HP: 1/33 [ogre/giant spiked club (19)]
  3961 | D:4      | Killed an ogre
  3961 | D:4      | Reached skill level 5 in Shields
  3961 | D:4      | Reached XP level 6. HP: 24/38 MP: 6/6
  4255 | D:4      | Slain by an ogre

Skill      XL: |  1  2  3  4  5 |
---------------+----------------+-----
Dodging        | 1 2 |  2.3
Shields        | 4 5 |  5.2
Fighting       | 4 |  4.2
Armour         | 4 |  4.4
Maces & Flails | |  2.9

Action                   |  1- 3 |  4- 6 || total
-------------------------+-------+-------++-------
Melee: Flail             |   178 |   422 ||   600
  Use: Potion            |     3 |     9 ||    12
       Scroll            |     2 |     7 ||     9
  Eat: Chunk             |     2 |     8 ||    10
       Fruit             |       |     2 ||     2
       Pizza             |       |     1 ||     1
Armor: Scale mail        |   135 |   297 ||   432
Dodge: Dodged            |    79 |   183 ||   262
Block: Shield            |   100 |   308 ||   408
